 Dungeon Crawl Stone Soup version 0.22-a0-553-g9358b0b (webtiles) character file.

184 Mamutox the Sneak (level 5, -6/24 HPs)
             Began as a Spriggan Enchanter on June 25, 2018.
             Killed by divine providence
             ... invoked by an orc priest
              (13 damage)
             ... on level 4 of the Dungeon.
             The game lasted 00:10:01 (3092 turns).

Mamutox the Sneak (Spriggan Enchanter)              Turns: 3092, Time: 00:10:02

Health: -6/24      AC:  2    Str:  4    XL:     5   Next: 36%
Magic:  9/11       EV: 19    Int: 17    God:
Gold:   195        SH:  0    Dex: 17    Spells: 5/11 levels left

rFire    . . .     SeeInvis +   q - +6 dagger (venom)
rCold    . . .     Gourm    .   (shield restricted)
rNeg     . . .     Faith    .   b - +0 robe
rPois    .         Spirit   .   (helmet restricted)
rElec    .         Reflect  .   (no cloak)
rCorr    .         Harm     .   (gloves unavailable)
MR       .....                  (boots unavailable)
Stlth    +++.......             (no amulet)
HPRegen  0.08/turn              (no ring)
MPRegen  0.12/turn              (no ring)

@: very quick
A: very small, unfitting armour, see invisible, herbivore, speed 3, slow
metabolism 2
a: no special abilities


You were on level 4 of the Dungeon.
You were not hungry.

You visited 1 branch of the dungeon, and saw 4 of its levels.

You collected 195 gold pieces.

Inventory:

Hand Weapons
 a - a +1 dagger
 q - a +6 dagger of venom (weapon)
Armour
 b - a +0 robe (worn)
Jewellery
 r - an uncursed amulet of regeneration {unknown}
Scrolls
 c - a scroll of enchant weapon {unknown}
 e - 5 scrolls of remove curse {unknown}
 i - 2 scrolls of blinking {unknown}
 j - 2 scrolls of teleportation {unknown}
 l - 3 scrolls of magic mapping {unknown}
 m - 2 scrolls of identify {unknown}
 n - a scroll of fear {unknown}
 o - a scroll of amnesia {unknown}
Potions
 f - a potion of curing {unknown}
 g - a potion of heal wounds {unknown}
 h - a potion of brilliance {unknown}
 k - a potion of agility {unknown}
 p - a potion of flight {unknown}
Comestibles
 d - 8 rations


   Skills:
 + Level 2.4 Short Blades
 + Level 4.1 Dodging
 + Level 5.6 Stealth
 + Level 3.7 Spellcasting
 + Level 4.7 Hexes
 - Level 1.2 Ice Magic


You had 5 spell levels left.
You knew the following spells:

 Your Spells              Type           Power        Failure   Level  Hunger
a - Corona                Hex            ###....      2%          1    None
c - Confuse               Hex            ###.....     7%          3    ###....
x - Ensorcelled Hibernat  Hex/Ice        ##....       8%          2    ##.....

Your spell library contained the following spells:

 Spells                   Type           Power        Failure   Level  Hunger
 Tukima's Dance           Hex            ###.....     7%          3    ###....
 Dazzling Spray           Conj/Hex       ##....       19%         3    ###....


Dungeon Overview and Level Annotations

Branches:
Dungeon (4/15)
 Temple: D:4-7

Altars:
Gozag
Wu Jian
Xom
The Shining One


Innate Abilities, Weirdness & Mutations

You are very small and have problems with some larger weapons.
You are too small for most types of armour.
You have supernaturally acute eyesight. (SInv)
You are a herbivore.
You cover ground extremely quickly.
You need to consume almost no food.


Message History

* * * LOW HITPOINT WARNING * * *
You see here a green potion.
You feel a bit more experienced.
You start resting.
The orc is too close now for your liking.
Casting: Confuse (safe; 7% risk of failure)
Confirm with . or Enter, or press ? or * to list all spells.
Aiming: Ensorcelled Hibernation (safe; 8% risk of failure)
Press: ? - help, Shift-Dir - straight line, f - orc
Aim: an orc, wielding a dagger (hasn't noticed you, chance to defeat MR: 62%)
The orc shouts!
The orc looks drowsy...
The helpless orc fails to defend itself.
You impale the orc!!
You kill the orc!
The orc shouts!
The orc priest calls down the wrath of Beogh upon you.
Beogh smites you!
Ouch! That really hurt!
You die...

#.#####
#...@.#
#####.#
#.# #o#
#.#
######o#
#....).#
#.######
#.# #.#
#.#


You could see an orc priest and an orc.

Vanquished Creatures
  An orc priest (D:4)
  Jessica (D:3)
  An iguana (D:3)
  4 adders
  4 worms
  A dart slug (D:1)
  2 leopard geckos (D:3)
  2 orcs
  2 bats
  2 giant cockroaches
  6 goblins
  11 hobgoblins
  10 frilled lizards
  5 kobolds
  4 rats
56 creatures vanquished.

Notes
Turn   | Place    | Note
-------+----------+-------------------------------------------
     0 | D:1      | Mamutox the Spriggan Enchanter began the quest for the Orb.
     0 | D:1      | Reached XP level 1. HP: 9/9 MP: 5/5
   378 | D:1      | Reached XP level 2. HP: 11/13 MP: 6/6
   517 | D:1      | Learned a level 2 spell: Ensorcelled Hibernation
  1053 | D:2      | Found a shimmering altar of Xom.
  1074 | D:2      | Reached XP level 3. HP: 12/16 MP: 4/8
  1079 | D:2      | Learned a level 3 spell: Confuse
  1797 | D:3      | Reached skill level 1 in Ice Magic
  1927 | D:3      | Reached skill level 5 in Stealth
  2191 | D:3      | Reached XP level 4. HP: 21/21 MP: 6/9
  2325 | D:3      | Noticed Jessica
  2408 | D:3      | Killed Jessica
  2452 | D:3      | Reached XP level 5. HP: 24/24 MP: 6/11
  2873 | D:3      | Found an opulent altar of Gozag.
  2873 | D:3      | Found a glowing golden altar of the Shining One.
  2874 | D:3      | Found an ornate altar of the Wu Jian Council.
  3092 | D:4      | Killed from afar by an orc priest

Vault maps used:
D:1:      minmay_arrival_glassed_features
D:2:      xom_teletrap_fun
D:3:      nicolae_overflow_hidden_temple, st_stairs_3, minivault_11,
          minmay_lizard_king, uniq_jessica
D:4:      eat_drink_and_be_merry_uskayaw, lemuel_round_altar,
          minmay_temple_entry_statues_pillars, first_ration,
          minmay_joined_circles, uniq_eustachio, uniq_sigmund

Skill      XL: |  1  2  3  4  5 |
---------------+----------------+-----
Hexes          | 4 |  4.7
Spellcasting   | 3 |  3.7
Ice Magic      | 1 |  1.2
Stealth        | 5 |  5.6
Short Blades   | 2 |  2.4
Dodging        | 4 |  4.1

Action                   |  1- 3 |  4- 6 || total
-------------------------+-------+-------++-------
Melee: Dagger            |   100 |    49 ||   149
 Cast: Corona            |     2 |       ||     2
       Ensorcelled Hiber |    27 |    13 ||    40
       Confuse           |     1 |     1 ||     2
 Stab: Sleeping          |    21 |     9 ||    30
       Confused          |     1 |     1 ||     2
  Eat: Ration            |     1 |       ||     1
Armor: Robe              |    10 |     2 ||    12
Dodge: Dodged            |    77 |    30 ||   107

Table legend:
 A = Spawn XP
 B = Non-spawn XP
 C = Spawn XP percentage of total XP
 D = Spawn monster count
 E = Non-spawn monster count
 F = Spawn count percentage of total count
 G = Total turns spent on level
                    A         B        C        D         E        F      G
               +---------+---------+-------+---------+---------+-------+---------
         Total |       0 |     263 |   0.0 |       0 |      56 |   0.0 |  3092
               +---------+---------+-------+---------+---------+-------+---------
           D:1 |       0 |      27 |   0.0 |       0 |      15 |   0.0 |   955
           D:2 |       0 |      30 |   0.0 |       0 |      11 |   0.0 |   972
           D:3 |       0 |     162 |   0.0 |       0 |      28 |   0.0 |  1109
           D:4 |       0 |      44 |   0.0 |       0 |       2 |   0.0 |    56
               +---------+---------+-------+---------+---------+-------+---------
